Map: Frozen Temple

Players

Ryuu

  • Race: Zerg Zerg
  • League: Master

Miszu - Winner!

  • Race: Terran Terran
  • League: Master

VOD

Have the link to the VOD?

Description

Time

  • Played on: July 3, 2016, 10:38 a.m.
  • Length: 6:42
Show
View Real Time Build Order
Export as new Build Order

Ryuu Zerg 

Build Orders: Pool Only, Ravager All-In 

Get SALT Encoding   

  12  0:17  Spawning Pool  
  11  0:22  Drone  
  11  0:26  Drone  
  13  0:32  Drone  
  14  0:36  Extractor  
  14  0:38  Drone  
  14  0:46  Overlord  
  14  0:53  Extractor  
  14  0:54  Drone  
  14  1:05  Drone  
  15  1:11  Roach Warren  
  14  1:51  Roach x3  
  20  2:03  Overlord  
  20  2:10  Spore Crawler  
  20  2:11  Ravager x3  
  23  2:21  Roach  
  25  2:24  Roach  
  27  2:35  Roach  
  29  2:46  Overlord  
  29  3:06  Roach  
  31  3:13  Roach  
  30  3:24  Ravager x2  
  32  3:30  Roach x2  
  31  3:41  Ravager  
  28  3:58  Roach x2  
  26  4:05  Roach  
  28  4:16  Roach  
  28  4:28  Roach  
  28  4:34  Roach  
  28  4:49  Roach  
  28  4:58  Roach  
  26  5:16  Roach x2  
  26  5:19  Ravager  
  31  5:26  Roach  
  33  5:29  Ravager  
  34  5:36  Roach  
  34  5:37  Ravager  
  37  5:46  Ravager  
  37  5:47  Overlord  
  38  6:17  Roach x2  
Show
View Real Time Build Order
Export as new Build Order

Miszu Terran - Winner!

Build Orders:  

Get SALT Encoding   

  12  0:01  SCV  
  13  0:13  SCV  
  14  0:17  Supply Depot  
  14  0:25  SCV  
  15  0:39  SCV  
  15  0:40  Barracks  
  16  0:50  Barracks  
  16  0:56  Refinery  
  16  0:59  SCV  
  17  1:05  Refinery  
  17  1:11  SCV  
  19  1:31  Orbital Command  
  18  1:34  Reaper  
  18  1:38  Supply Depot  
  19  1:43  Reaper  
  20  1:58  Barracks  
  20  2:06  Reaper  
  20  2:07  SCV  
  23  2:15  Reaper  
  23  2:19  SCV  
  24  2:34  Bunker, SCV  
  25  2:38  Supply Depot, Reaper  
  26  2:47  Reaper  
  26  2:49  Reaper  
  28  2:54  SCV  
  29  3:07  SCV  
  29  3:10  Supply Depot, Reaper  
  31  3:14  Supply Depot  
  31  3:19  Reaper  
  31  3:24  Reaper  
  29  3:35  SCV  
  30  3:42  Reaper  
  29  3:52  Reaper  
  29  4:00  Reaper  
  29  4:01  SCV  
  30  4:13  SCV  
  30  4:14  Reaper  
  31  4:24  Reaper  
  32  4:30  SCV  
  31  4:32  Reaper  
  31  4:37  Command Center  
  32  4:46  Reaper  
  33  4:56  Reaper  
  33  4:59  SCV  
  35  5:05  Factory  
  34  5:16  SCV  
  34  5:21  Barracks Tech Lab  
  36  5:29  Barracks Reactor, SCV  
  36  5:33  Barracks Tech Lab  
  35  5:36  Command Center  
  35  5:41  SCV  
  35  5:43  Marine  
  36  5:50  Starport, Orbital Command  
  36  5:51  Factory Tech Lab  
  36  5:53  SCV  
  36  5:56  Marine  
  38  6:01  Marine  
  39  6:05  SCV  
  40  6:15  Marine  
  40  6:16  Marine  
  40  6:17  SCV  
  40  6:18  Marine  
  43  6:19  Marine  
Tags
 
Add a new tag
Caveats
  • Supply blocks, unpowered buildings, or Contaminate may cause inaccurate times.
  • Supply counts are checked every 10 seconds.